Map: Traitor's Exile

Players

Michael

  • Race: Zerg Zerg
  • League: Gold
  • Spawn Location: 5:00

MonstroTown

  • Race: Terran Terran
  • Spawn Location: 6:00

Chlorya

  • Race: Zerg Zerg
  • League: Platinum
  • Spawn Location: 12:00

Root

  • Race: Zerg Zerg
  • Spawn Location: 9:00

VOD

Have the link to the VOD?

Description

Time

  • Played on: Sept. 29, 2018, 2:19 a.m.
  • Length: 9:53
Show
View Real Time Build Order
Export as new Build Order

Michael Zerg 

Build Orders: Pool First 

Get SALT Encoding   

  12  0:01  Drone  
  13  0:13  Overlord  
  13  0:27  Drone  
  14  0:31  Drone x2  
  16  0:38  Drone  
  16  0:41  Extractor  
  16  0:50  Spawning Pool  
  16  0:53  Drone  
  16  0:59  Drone  
  17  1:10  Drone  
  18  1:27  Hatchery  
  18  1:30  Drone  
  18  1:41  Queen  
  20  1:49  Metabolic Boost  
  20  1:52  Zergling x2  
  21  1:56  Zergling x2  
  22  2:03  Overlord  
  22  2:21  Zergling x2  
  22  2:22  Zergling x2  
  24  2:25  Overlord  
  24  2:29  Queen  
  26  2:41  Queen  
  26  2:43  Drone  
  29  3:06  Lair  
  29  3:16  Queen  
  30  3:38  Zergling x2  
  30  3:39  Zergling x14  
  35  3:49  Drone x2  
  35  3:51  Drone  
  35  3:52  Queen  
  35  3:55  Drone  
  41  4:07  Roach Warren  
  40  4:10  Drone  
  40  4:11  Drone  
  42  4:20  Spine Crawler  
  41  4:27  Spine Crawler  
  41  4:31  Drone x2  
  42  4:34  Extractor  
  42  4:38  Drone x2  
  43  4:40  Drone  
  44  4:50  Evolution Chamber  
  43  5:05  Overlord x3  
  43  5:22  Glial Reconstitution  
  43  5:24  Hatchery  
  43  5:26  Roach  
  44  5:29  Roach  
  46  5:38  Roach x2  
  46  5:40  Roach  
  52  5:52  Roach x3  
  58  5:57  Spore Crawler  
  58  6:03  Drone, Hydralisk Den  
  57  6:06  Drone  
  57  6:08  Drone  
  59  6:12  Drone  
  59  6:14  Drone  
  61  6:19  Overlord  
  61  6:29  Zerg Ground Armor Level 1  
  61  6:31  Drone  
  62  6:43  Queen  
  62  6:45  Drone  
  65  6:52  Drone  
  65  6:53  Drone  
  65  6:54  Drone x3  
  70  6:56  Drone  
  70  6:59  Drone  
  72  7:03  Overlord  
  72  7:07  Overlord  
  72  7:12  Muscular Augments  
  72  7:16  Roach  
  72  7:18  Roach  
  76  7:26  Hydralisk x2  
  76  7:29  Hydralisk  
  82  7:38  Hydralisk x2  
  86  7:50  Spore Crawler  
  85  7:55  Drone x6  
  91  7:58  Extractor  
  91  7:59  Drone  
  91  8:00  Extractor, Drone  
  91  8:02  Drone  
  91  8:04  Overseer  
  92  8:07  Overseer  
  92  8:21  Overlord x3  
  92  8:22  Overlord  
  92  8:23  Grooved Spines  
  92  8:28  Overlord x2  
  92  8:30  Overlord  
  92  8:40  Burrow  
  92  8:47  Infestation Pit  
  91  8:49  Drone x3  
  91  8:54  Hydralisk  
  91  8:55  Hydralisk  
  85  9:07  Roach x4  
  85  9:09  Roach  
  72  9:20  Hydralisk x2  
Show
View Real Time Build Order
Export as new Build Order

MonstroTown Terran 

Build Orders: 1/1/1, MMM Bio 

Get SALT Encoding   

  12  0:01  SCV  
  13  0:13  SCV  
  14  0:18  Supply Depot  
  14  0:25  SCV  
  15  0:31  Refinery  
  15  0:40  SCV  
  16  0:47  Barracks  
  16  0:54  Refinery  
  16  0:56  SCV  
  17  1:08  SCV  
  18  1:20  SCV  
  19  1:35  Reaper  
  19  1:37  Factory  
  20  1:41  Orbital Command  
  20  1:54  Supply Depot  
  20  2:07  Barracks Reactor  
  20  2:10  SCV  
  23  2:23  Hellion  
  23  2:26  Starport  
  22  3:00  Barracks Tech Lab  
  22  3:02  Hellion x2  
  26  3:17  Medivac  
  28  3:21  Stimpack  
  28  3:24  Command Center  
  26  3:53  Medivac, Hellion x2  
  31  4:03  Marauder  
  31  4:14  SCV  
  31  4:15  Supply Depot  
  30  4:26  SCV  
  31  4:34  Factory Tech Lab  
  31  4:39  Barracks  
  31  4:43  Marauder  
  31  4:44  Starport Tech Lab  
  33  4:56  Siege Tank  
  36  5:04  Marine  
  37  5:08  Viking  
  39  5:16  Cloaking Field  
  39  5:20  Orbital Command  
  39  5:22  SCV  
  40  5:42  Marine x2  
  40  5:43  Marauder  
  40  5:44  Siege Tank  
  40  5:47  Viking  
  49  5:51  Engineering Bay  
  49  6:04  Liberator  
  49  6:11  Marine x2  
  49  6:12  SCV x2  
  47  6:24  SCV x2  
  48  6:36  SCV  
  48  6:37  Bunker  
  49  6:41  Marine x2  
  49  6:42  Marauder  
  53  6:48  SCV  
  54  6:55  Supply Depot  
  54  7:04  Terran Infantry Weapons Level 1  
  54  7:08  Combat Shields, Supply Depot  
  54  7:16  Marine x2  
  54  7:17  SCV x2  
  58  7:28  Refinery  
  58  7:29  Sensor Tower, SCV x2, Refinery  
  60  7:30  Supply Depot  
  60  7:37  Barracks  
  60  7:38  Barracks  
  60  7:41  SCV x2  
  62  7:47  Liberator  
  62  7:53  SCV x2  
  62  7:55  Marine  
  65  8:05  SCV x2  
  70  8:17  SCV x2  
  70  8:19  Supply Depot  
  72  8:26  Marine x3  
  75  8:27  Barracks Reactor  
  75  8:29  SCV  
  76  8:40  Marine  
  77  8:44  Marine  
  77  8:48  Armory  
  78  8:49  Engineering Bay  
  78  8:54  Factory  
  78  8:55  Supply Depot, Starport  
  69  9:10  Marine x2  
  69  9:11  Marauder, Marine  
  59  9:35  Marine  
Show
View Real Time Build Order
Export as new Build Order

Chlorya Zerg 

Build Orders: Hatch First 

Get SALT Encoding   

  12  0:01  Drone  
  13  0:13  Drone  
  14  0:18  Overlord  
  14  0:36  Drone x2  
  14  0:37  Drone  
  17  0:59  Extractor  
  17  1:00  Hatchery, Drone  
  16  1:04  Drone  
  16  1:10  Drone  
  18  1:27  Spawning Pool  
  18  1:28  Drone  
  18  1:35  Drone  
  19  1:41  Drone  
  20  1:54  Drone  
  21  2:05  Overlord  
  21  2:16  Metabolic Boost, Queen x2  
  21  2:18  Zergling x4  
  27  2:44  Drone  
  27  2:46  Overlord  
  28  3:01  Overlord  
  28  3:09  Zergling x8  
  32  3:22  Roach Warren  
  31  3:33  Zergling x10  
  32  3:42  Zergling x2  
  31  3:51  Zergling x10  
  34  4:03  Zergling x4  
  34  4:04  Roach x2  
  40  4:15  Roach  
  42  4:19  Lair  
  42  4:26  Queen  
  42  4:27  Evolution Chamber  
  43  4:45  Overlord x2  
  43  4:46  Overlord  
  43  4:58  Overlord  
  43  5:11  Drone  
  43  5:12  Drone x5  
  49  5:19  Roach  
  51  5:26  Zerg Ground Armor Level 1  
  51  5:38  Hydralisk Den  
  50  5:49  Glial Reconstitution  
  50  5:56  Extractor  
  49  6:00  Extractor  
  48  6:07  Hatchery  
  47  6:21  Hydralisk x3  
  53  6:29  Queen  
  53  6:31  Drone  
  53  6:32  Drone x6  
  62  6:42  Drone x2  
  62  6:45  Extractor  
  63  6:56  Grooved Spines  
  63  7:00  Drone x3  
  63  7:01  Drone  
  67  7:05  Drone  
  67  7:06  Drone  
  69  7:24  Hydralisk x4  
  77  7:33  Drone, Baneling Nest  
  77  7:40  Zerg Melee Weapons Level 1  
  77  7:48  Drone x3  
  77  7:49  Drone  
  77  7:50  Drone  
  82  7:52  Overlord  
  82  7:53  Overlord  
  82  8:28  Roach  
  82  8:29  Roach x3  
  90  8:39  Baneling  
  90  8:40  Baneling x6  
  90  8:41  Baneling  
  90  8:42  Baneling x2  
  90  8:52  Overlord x4  
  90  8:53  Overlord  
  78  9:06  Hydralisk  
  78  9:07  Roach  
  78  9:09  Zergling x14  
  78  9:25  Hydralisk  
  78  9:26  Roach  
  74  9:35  Zergling x2  
  74  9:36  Zergling x10  
Show
View Real Time Build Order
Export as new Build Order

Root Zerg 

Build Orders: Hatch First 

Get SALT Encoding   

  12  0:03  Drone  
  13  0:13  Overlord  
  13  0:18  Drone  
  14  0:31  Drone x2  
  16  0:54  Drone  
  16  0:56  Hatchery  
  16  0:58  Drone  
  16  1:02  Drone  
  18  1:05  Extractor  
  18  1:11  Overlord  
  17  1:19  Drone  
  18  1:29  Spawning Pool  
  17  1:33  Drone  
  18  1:40  Drone  
  19  1:52  Drone  
  20  2:01  Overlord  
  20  2:08  Drone  
  20  2:14  Drone  
  22  2:18  Queen x2  
  22  2:21  Metabolic Boost  
  26  2:25  Zergling x2  
  26  2:28  Zergling x2  
  28  2:34  Zergling x2  
  28  2:45  Zergling x2  
  28  2:46  Zergling x4  
  31  3:02  Zergling x6  
  31  3:04  Roach Warren  
  33  3:18  Extractor, Drone x3  
  32  3:43  Roach  
  32  3:45  Roach x5  
  32  3:47  Overlord  
  44  3:58  Lair  
  44  4:02  Overlord  
  44  4:10  Roach  
  46  4:18  Drone x4  
  46  4:22  Extractor  
  49  4:27  Overlord  
  49  4:44  Spore Crawler  
  48  4:46  Drone x4  
  48  4:47  Spore Crawler  
  48  4:49  Drone  
  48  4:51  Drone  
  53  5:10  Hydralisk Den  
  53  5:12  Drone x6  
  58  5:17  Extractor  
  58  5:19  Glial Reconstitution  
  57  5:22  Overlord  
  57  5:29  Drone  
  57  5:30  Drone x2  
  57  5:34  Drone  
  61  5:36  Overlord  
  61  5:40  Drone  
  62  5:43  Grooved Spines  
  62  5:53  Drone x3  
  62  5:56  Drone  
  66  6:31  Drone, Evolution Chamber  
  66  6:32  Drone  
  67  6:34  Evolution Chamber  
  66  6:41  Infestation Pit  
  65  6:47  Nydus Network  
  65  6:48  Drone x4  
  65  6:49  Drone  
  65  6:50  Drone  
  70  6:55  Muscular Augments  
  70  6:56  Overlord x3  
  70  7:02  Hatchery  
  69  7:09  Extractor  
  69  7:15  Hydralisk x5  
  68  7:20  Zerg Missile Weapons Level 1  
  78  7:23  Zerg Ground Armor Level 1  
  78  7:29  Extractor  
  77  7:39  Drone x2  
  77  7:42  Drone x3  
  77  7:43  Overlord, Drone  
  77  7:44  Overlord x2  
  83  7:53  Drone x2  
  85  7:59  Drone  
  86  8:22  Hydralisk  
  86  8:23  Hydralisk x6  
  100  8:31  Hydralisk x4  
  108  8:36  Ravager  
  108  8:37  Ravager  
  110  8:48  Overlord  
  110  8:49  Overlord x4  
  110  8:54  Queen  
  106  9:16  Roach  
  106  9:17  Roach x9  
  124  9:26  Roach  
  124  9:27  Roach x2  
  122  9:34  Nydus Canal  
Tags
 
Add a new tag
Caveats
  • Supply blocks, unpowered buildings, or Contaminate may cause inaccurate times.
  • Supply counts are checked every 10 seconds.